 Dungeon Crawl Stone Soup version 0.28-a0-397-g1a7b1a870f (webtiles) character file.

Game seed: 2786307194547953529

39 klaster the Firebug (level 3, -1/26 HPs)
             Began as a Demigod Fire Elementalist on Sept 4, 2021.
             Succumbed to an adder's poison
             ... on level 2 of the Dungeon.
             The game lasted 00:10:56 (2006 turns).

klaster the Firebug (Demigod Fire Elementalist)     Turns: 2006, Time: 00:10:57

Health: -1/26      AC:  2    Str:  9    XL:     3   Next: 11%
Magic:  7/8        EV: 12    Int: 21    God:
Gold:   22         SH:  0    Dex: 14    Spells: 0/6 levels left

rFire   . . .      SeeInvis .   f - +2 dagger (holy)
rCold   . . .      Faith    .   (no shield)
rNeg    + . .      Spirit   .   a - +0 robe
rPois   .          Reflect  .   (no helmet)
rElec   .          Harm     .   (no cloak)
rCorr   .          Rampage  .   (no gloves)
Will    .....                   (no boots)
Stlth   ++........              (no amulet)
HPRegen 0.08/turn               d - ring of positive energy
MPRegen 0.11/turn               (no ring)

@: lethally poisoned (-1 -> -11)
A: high mp 1, forlorn
a: no special abilities


You were on level 2 of the Dungeon.
You visited 1 branch of the dungeon, and saw 2 of its levels.

You collected 22 gold pieces.

Inventory:

Hand Weapons
 f - a +2 dagger of holy wrath (weapon)
Missiles
 b - 58 stones
Armour
 a - a +0 robe (worn)
Jewellery
 d - a ring of positive energy (left hand)
Scrolls
 e - a scroll of enchant armour {unknown}
 g - a scroll of magic mapping {unknown}
 h - a scroll of identify {unknown}
Potions
 c - a potion of curing {unknown}
 i - a potion of flight {unknown}


   Skills:
 + Level 2.1 Dodging
 + Level 2.2 Stealth
 + Level 2.0 Spellcasting
 + Level 1.3 Conjurations
 * Level 3.2 Fire Magic


You couldn't memorise any spells.
You knew the following spells:

 Your Spells              Type           Power      Damage    Failure   Level
a - Foxfire               Conj/Fire      44%        2x1d6     6%          1
b - Scorch                Fire           30%        2d7       6%          2
c - Conjure Flame         Conj/Fire      11%        6-21      17%         3

Your spell library contained the following spells:

 Spells                   Type           Power      Damage    Failure   Level
 Inner Flame              Hex/Fire       8%         N/A       22%         3
 Flame Wave               Conj/Fire      11%        3d4       50%         4


Dungeon Overview and Level Annotations

Branches:
Dungeon (2/15)

Shops:
D:2 [

Annotations:
D:2 Sigmund


Innate Abilities, Weirdness & Mutations

Your attributes grow dramatically as you level up.
You have an increased reservoir of magic. (+10% MP)
You shall have no god before yourself.


Message History

Confirm with . or Enter, or press ? or * to list all spells.
You can't see any susceptible monsters within range! (Use Z to cast anyway.)
Casting: Scorch (safe; 6% risk of failure)
Confirm with . or Enter, or press ? or * to list all spells.
You can't see any susceptible monsters within range! (Use Z to cast anyway.)
Casting: Scorch (safe; 6% risk of failure)
Confirm with . or Enter, or press ? or * to list all spells.
Flames lash Sigmund.
Sigmund shouts!
Sigmund is moderately wounded.
Sigmund's fire resistance burns away.
You hear a shout!
A hobgoblin comes into view.
The adder bites you.
You are poisoned.
The adder poisons you!
You feel sick.
You feel sick.
You feel sick. The adder completely misses you.
You feel sick.
Sigmund casts a spell.
Sigmund flickers and vanishes!
Deactivating autopickup; reactivate with Ctrl-A.
You feel sick.
You are no longer poisoned.
The adder barely misses you.
Items here: )) ††.
You hit the adder.
The adder is heavily wounded.
The adder bites you.
You are poisoned.
The adder poisons you!
You barely miss the adder.
The adder is heavily wounded.
You feel sick. The adder bites you.
You are more poisoned.
The adder poisons you! The adder closely misses you. Something hits you!
Ouch! That really hurt!
* * * LOW HITPOINT WARNING * * *
You die...

#.........######..#
##########
#.#.###...##### ##
.........# #.#
#......... .#######.#
#.###...###### .# #.#
#.#............. .#####
#.# #.........####..
.....# #.#
#####S##........
.###.###.# #.##########
.........# #@#
####.##### #.# #.# #.#
#.# #.## ##.## #..#
##...## ##.##
##.....#########...####
........[.............+
##...#.#########...####


You could see an adder.

Vanquished Creatures
  5 bats
  2 giant cockroaches
  2 goblins (D:1)
  3 hobgoblins
  6 jackals
  A quokka (D:1)
  3 ball pythons (D:1)
  2 frilled lizards (D:1)
  6 kobolds
  2 rats (D:1)
32 creatures vanquished.

Vanquished Creatures (others)
  13 foxfires (D:1)
13 creatures vanquished.

Grand Total: 45 creatures vanquished

Notes
Turn   | Place    | Note
-------+----------+-------------------------------------------
     0 | D:1      | klaster the Demigod Fire Elementalist began the quest for
                  | the Orb.
     0 | D:1      | Reached XP level 1. HP: 14/14 MP: 5/5
   314 | D:1      | Reached skill level 1 in Conjurations
   427 | D:1      | Reached XP level 2. HP: 14/20 MP: 7/7
   525 | D:1      | Learned a level 2 spell: Scorch
   938 | D:1      | Reached skill level 3 in Fire Magic
  1607 | D:2      | Found Muecvugo's Armour Shoppe.
  1729 | D:2      | Reached XP level 3. HP: 13/26 MP: 1/8
  1890 | D:2      | Learned a level 3 spell: Conjure Flame
  1988 | D:2      | Noticed Sigmund
  2005 | D:2      | HP: 1/26 [something (13)]
  2006 | D:2      | Succumbed to an adder's poison

Illustrated notes

Levels and vault maps discovered:
D:1:      nzn_arrival_settlement, layout_rooms, serial_bayou_pond_e,
          minmay_misc_feat_nine_boxes
D:2:      layout_loops_corners, serial_shops, shop_statue, uniq_terence,
          uniq_sigmund, uniq_natasha

Skill      XL: |  1  2 |
---------------+-------+-----
Conjurations   | 1 |  1.3
Stealth        | 2 |  2.2
Dodging        | 2 |  2.1
Fire Magic     | 3 |  3.2
Spellcasting   | 2 |  2.0

Action                   || total
-------------------------++-------
Melee: Dagger            ||   136
 Cast: Foxfire           ||     7
       Scorch            ||     6
 Stab: Distracted        ||     1
Armor: Robe              ||    32
Dodge: Dodged            ||   101

Table legend: (Time is in decaauts)
 A = Elapsed time spent in this place.
 B = Non-inter-level travel time spent in this place.
 C = Inter-level travel time spent in this place.
 D = Time resting spent in this place.
 E = Time spent auto-exploring this place.
 F = Levels seen in this place.
 G = Mean time per level.
                   A        B        C        D        E       F      G
               +--------+--------+--------+--------+--------+-----+--------+
         Total |   2004 |   1958 |     46 |   1047 |    570 |   2 | 1002.0 |
       Dungeon |   2004 |   1958 |     46 |   1047 |    570 |   2 | 1002.0 |
               +--------+--------+--------+--------+--------+-----+--------+

Top non-repeatable levels by time:
     D:1: 1561 daAuts
     D:2: 442 daAuts
